Map: Blackburn LE

Players

Neeb - Winner!

  • Race: Protoss Protoss

Vindicta

  • Race: Terran Terran
  • League: Grandmaster

Event: DreamHack SC2 Masters 2021 Summer

VOD

Have the link to the VOD?

Description

Time

  • Played on: May 26, 2021, 3:09 p.m.
  • Length: 6:45

All games in this series

Show
View Real Time Build Order
Export as new Build Order

Neeb Protoss - Winner!

Build Orders: 1 Gate Expand, Oracle Opening, Phoenix Opening 

Get SALT Encoding   

  12  0:00  Probe  
  13  0:12  Probe  
  14  0:17  Pylon  
  14  0:24  Probe  
  15  0:36  Probe (Chrono Boost)  
  15  0:38  Gateway  
  16  0:46  Probe (Chrono Boost)  
  16  0:47  Assimilator  
  17  0:51  Probe (Chrono Boost)  
  18  1:03  Probe  
  19  1:15  Probe  
  20  1:24  Nexus  
  20  1:34  Cybernetics Core  
  20  1:38  Probe  
  21  1:45  Assimilator  
  21  1:50  Probe  
  21  1:53  Pylon  
  22  2:02  Probe  
  23  2:09  Adept (Chrono Boost)  
  23  2:12  Shield Battery  
  23  2:15  Probe  
  26  2:20  Warp Gate  
  26  2:28  Stargate  
  26  2:31  Probe  
  26  2:36  Probe (Chrono Boost)  
  28  2:46  Adept (Chrono Boost)  
  28  2:48  Probe x2 (Chrono Boost)  
  31  2:55  Probe (Chrono Boost)  
  31  2:57  Probe (Chrono Boost)  
  33  3:02  Probe, Shield Battery  
  34  3:07  Adept  
  34  3:09  Probe  
  37  3:13  Oracle (Chrono Boost)  
  37  3:19  Probe  
  41  3:26  Probe, Pylon  
  42  3:31  Probe  
  43  3:38  Probe, Pylon  
  44  3:46  Phoenix (Chrono Boost)  
  46  3:50  Probe  
  46  3:52  Probe  
  46  4:01  Gateway  
  46  4:02  Probe, Gateway  
  45  4:04  Probe  
  45  4:09  Phoenix (Chrono Boost)  
  46  4:14  Probe  
  49  4:18  Probe  
  50  4:26  Probe, Nexus  
  51  4:33  Pylon  
  51  4:34  Phoenix  
  51  4:36  Probe  
  54  4:39  Probe  
  54  4:42  Assimilator  
  55  4:45  Assimilator  
  55  4:48  Probe  
  56  4:53  Probe  
  56  4:55  Forge  
  56  4:56  Twilight Council  
  57  5:00  Shield Battery  
  57  5:04  Phoenix (Chrono Boost)  
  59  5:07  Stalker  
  59  5:11  Stalker  
  63  5:16  Probe  
  63  5:19  Probe  
  62  5:25  Stalker  
  62  5:28  Phoenix (Chrono Boost)  
  64  5:30  Shield Battery  
  64  5:31  Stalker  
  64  5:34  Stalker  
  70  5:45  Phoenix  
  70  5:47  Zealot  
  74  5:51  Pylon  
  74  5:53  Zealot  
  74  5:55  Zealot  
  78  6:05  Probe x2  
  78  6:07  Robotics Facility  
  76  6:16  Stalker x3  
  80  6:24  Probe  
Show
View Real Time Build Order
Export as new Build Order

Vindicta Terran 

Build Orders:  

Get SALT Encoding   

  12  0:00  SCV  
  13  0:12  SCV  
  14  0:17  Supply Depot  
  14  0:24  SCV  
  14  0:28  Refinery  
  15  0:39  SCV  
  16  0:44  Barracks  
  16  0:51  SCV  
  16  0:56  Refinery  
  17  1:03  SCV  
  18  1:16  SCV  
  19  1:31  Orbital Command  
  19  1:32  Reaper  
  20  1:43  Factory  
  20  1:51  Supply Depot  
  20  1:57  SCV  
  21  2:04  Marine  
  22  2:09  SCV  
  23  2:21  SCV, Marine  
  25  2:26  Hellion  
  27  2:40  Command Center  
  27  2:45  SCV  
  27  2:48  Barracks Reactor  
  27  2:50  Widow Mine  
  30  2:55  Supply Depot  
  30  2:57  SCV  
  31  3:06  Starport  
  31  3:12  Factory Tech Lab  
  31  3:17  SCV  
  31  3:22  Bunker  
  31  3:26  Marine  
  32  3:29  Marine  
  33  3:34  Refinery  
  33  3:37  Cyclone  
  33  3:39  SCV  
  34  3:43  Marine  
  34  3:52  Marine  
  34  3:55  SCV  
  34  4:00  Starport Tech Lab  
  33  4:08  Fusion Core  
  33  4:09  Marine  
  34  4:10  Marine  
  34  4:11  SCV  
  36  4:17  Orbital Command  
  36  4:27  Siege Tank  
  36  4:28  Marine  
  40  4:32  SCV  
  40  4:34  Marine  
  42  4:42  Supply Depot  
  42  5:00  Battlecruiser  
  48  5:07  Siege Tank  
  48  5:08  SCV  
  48  5:10  Marine  
  53  5:15  Marine  
  55  5:25  SCV, Supply Depot  
  55  5:27  Marine  
  56  5:31  SCV  
  56  5:32  Marine  
  58  5:45  Marine  
  55  6:13  SCV, Marine x2  
  54  6:25  SCV  
Tags
 
Add a new tag
Caveats
  • Supply blocks, unpowered buildings, or Contaminate may cause inaccurate times.
  • Supply counts are checked every 10 seconds.